 Dungeon Crawl Stone Soup version 0.19.4 (webtiles) character file.

46 Mefis the Magician (level 3, -4/19 HPs)
             Began as a Deep Elf Wizard on Feb 1, 2017.
             Slain by a gnoll (7 damage)
             ... on level 2 of the Dungeon.
             The game lasted 00:01:57 (1564 turns).

Mefis the Magician (Deep Elf Wizard)                Turns: 1564, Time: 00:01:58

Health: -4/19      AC:  2    Str:  4    XL:     3   Next: 44%
Magic:  7/11       EV: 13    Int: 23    God:
Gold:   46         SH:  0    Dex: 13    Spells: 5 memorised, 2 levels left

rFire  . . .     SeeInvis .     e - +0 dagger
rCold  . . .     Gourm    .     a - +0 robe
rNeg   . . .     Faith    .     (no shield)
rPois  .         Spirit   .     b - +0 hat
rElec  .         Reflect  .     (no cloak)
rCorr  .         Harm     .     (no gloves)
MR     .....                    (no boots)
Stlth  ++........               (no amulet)
                                (no ring)
                                (no ring)

@: very slightly contaminated
A: no striking features
a: no special abilities


You were on level 2 of the Dungeon.
You were hungry.

You visited 1 branch of the dungeon, and saw 2 of its levels.

You collected 46 gold pieces.

Inventory:

Hand Weapons
 e - a +0 dagger (weapon)
Armour
 a - a +0 robe (worn)
 b - a +0 hat (worn)
Jewellery
 j - an uncursed ring of resist corrosion {unknown}
Scrolls
 i - a scroll of random uselessness {unknown}
 k - a scroll of teleportation {unknown}
 m - a scroll of identify {unknown}
Potions
 f - 3 potions of haste {unknown}
 h - a potion of flight {unknown}
 l - a potion of curing {unknown}
Books
 c - a book of Minor Magic

   Spells                             Type                      Level
   a - Magic Dart                     Conjuration                  1
   b - Blink                          Translocation                2
   c - Call Imp                       Summoning                    2
   d - Repel Missiles                 Charms/Air                   2
   e - Slow                           Hexes                        2
   f - Conjure Flame                  Conjuration/Fire             3
   g - Mephitic Cloud                 Conjuration/Poison/Air       3
Comestibles
 d - 2 bread rations
 g - a meat ration


   Skills:
 + Level 2.6 Dodging
 + Level 2.9 Stealth
 * Level 5.4 Spellcasting
 + Level 1.8 Conjurations
 - Level 1.1 Summonings
 - Level 1.1 Translocations
 + Level 0.8 Air Magic
 + Level 0.0 Poison Magic


You had 2 spell levels left.
You knew the following spells:

 Your Spells              Type           Power        Failure   Level  Hunger
a - Magic Dart            Conj           ##..         4%          1    None
b - Call Imp              Summ           ##......     12%         2    None
c - Blink                 Tloc           N/A          12%         2    None
d - Repel Missiles        Chrm/Air       #.....       14%         2    None
e - Mephitic Cloud        Conj/Pois/Air  ##......     21%         3    ##.....


Dungeon Overview and Level Annotations

Branches:
Dungeon (2/15)

Altars:
Trog
Zin


Message History

The gnoll shouts! x2; You hear a shout! x2
The leopard gecko closely misses you. The gnoll hits you!
There is a bloodstained altar of Trog here.
Things that are here:
a runed dagger; an animal skin The gnoll hits you.
* * * LOW HITPOINT WARNING * * *
The gnoll closely misses you. The leopard gecko closely misses you.
A ball python comes into view.
You see here 2 fuming coppery potions.
Casting: Call Imp
Confirm with . or Enter, or press ? or * to list all spells.
Aiming: Mephitic Cloud
Press: ? - help, Shift-Dir - straight line The ball explodes into a vile cloud!
The stinking cloud engulfs the gnoll. x2
The ball python hisses angrily.
The frilled lizard hisses angrily.
The gnoll hits you!
You die...

..#...!......####...g......
..................#.#######
##.l.).....?...._.#.# # .
#............#...#.#######.##.
##.......... ##g..g#.........
##(.g.....####l##...# ###.##..
..l.....##.#...g§§§...###......
......!.........g§.........###...
.........#.#....@..##.......g.g..
....................####..#....g.
.l....................##.....$...
.........##...........S..........
.....<...###.......##......##....
##....... ....... ###
##.###........##. #. ....#.... ..


You could see 4 gnolls, a leopard gecko and a ball python.

Vanquished Creatures
  An adder (D:2)
  3 dart slugs (D:1)
  4 bats
  4 giant cockroaches (D:1)
  4 hobgoblins (D:1)
  A frilled lizard (D:1)
  4 goblins
  2 kobolds (D:1)
  2 rats (D:1)
25 creatures vanquished.

Vanquished Creatures (collateral kills)
  A giant cockroach (D:2)
  A ball python (D:2)
  A frilled lizard (D:2)
3 creatures vanquished.

Grand Total: 28 creatures vanquished

Notes
Turn   | Place    | Note
-------+----------+-------------------------------------------
     0 | D:1      | Mefis the Deep Elf Wizard began the quest for the Orb.
     0 | D:1      | Reached XP level 1. HP: 10/10 MP: 7/7
   400 | D:1      | Reached XP level 2. HP: 13/15 MP: 4/9
   404 | D:1      | Learned a level 2 spell: Call Imp
   407 | D:1      | Learned a level 2 spell: Blink
   410 | D:1      | Learned a level 2 spell: Repel Missiles
  1003 | D:1      | Reached skill level 5 in Spellcasting
  1003 | D:1      | Reached XP level 3. HP: 15/19 MP: 5/11
  1008 | D:1      | Learned a level 3 spell: Mephitic Cloud
  1393 | D:1      | You fall through a shaft!
  1395 | D:2      | Found a bloodstained altar of Trog.
  1483 | D:2      | Found a glowing silver altar of Zin.
  1564 | D:2      | Slain by a gnoll

Skill      XL: |  1  2 |
---------------+-------+-----
Spellcasting   | 5 |  5.4
Dodging        | |  2.6
Stealth        | |  2.9
Conjurations   | |  1.8
Summonings     | |  1.1
Translocations | |  1.1
Air Magic      | |  0.8

Action                   || total
-------------------------++-------
Melee: Dagger            ||    10
 Cast: Magic Dart        ||    64
       Repel Missiles    ||     1
       Mephitic Cloud    ||     1
       Call Imp          ||     1
  Eat: Chunk             ||     1
Dodge: Dodged            ||    21
       Deflected         ||     1
